 Dungeon Crawl Stone Soup version 0.28.0-43-g3370ac3207 (webtiles) character file.

Game seed: 16519047526024328015

60 spiecas the Poker (level 4, 0/34 HPs)
             Began as a Merfolk Gladiator on Mar 3, 2022.
             Slain by a hound (4 damage)
             ... on level 4 of the Dungeon.
             The game lasted 00:09:25 (2471 turns).

spiecas the Poker (Merfolk Gladiator)               Turns: 2471, Time: 00:09:27

Health: 0/34       AC:  5    Str: 14    XL:     4   Next: 6%
Magic:  4/4        EV: 13    Int:  7    God:
Gold:   97         SH:  0    Dex: 17    Spells: 3/3 levels left

rFire   . . .      SeeInvis .   a - +1 trident
rCold   . . .      Faith    .   (no shield)
rNeg    . . .      Spirit   .   b - +0 leather armour
rPois   .          Reflect  .   c - +1 helmet
rElec   .          Harm     .   (no cloak)
rCorr   .          Rampage  .   (no gloves)
Will    .....                   (no boots)
Stlth   +.........              (no amulet)
HPRegen 0.11/turn               (no ring)
MPRegen 0.09/turn               (no ring)

@: no status effects
A: (nimble swimmer 2), mertail
a: no special abilities


You were on level 4 of the Dungeon.
You visited 1 branch of the dungeon, and saw 4 of its levels.

You collected 97 gold pieces.

Inventory:

Hand Weapons
 a - a +1 trident (weapon)
 f - a +0 short sword
Missiles
 d - 3 throwing nets
 g - 6 poisoned darts (quivered)
Armour
 b - a +0 leather armour (worn)
 c - a +1 helmet (worn)
Magical Staves
 i - a staff of air
Potions
 e - a potion of degeneration {unknown}
 h - a potion of lignification {unknown}


   Skills:
 + Level 2.4 Fighting
 + Level 2.8 Short Blades
 + Level 4.6 Polearms
 + Level 2.0 Throwing
 + Level 0.8 Armour
 + Level 4.2 Dodging
 - Level 0.3 Stealth


You had 3 spell levels left.
You didn't know any spells.
Your spell library was empty.

Dungeon Overview and Level Annotations

Branches:
Dungeon (4/15)
 Temple: D:4-7

Altars:

Annotations:
D:3 Terence


Innate Abilities, Weirdness & Mutations

((You are very nimble when in or above water. (Stealth+, EV+, Speed+++)))
Your lower body shifts to a powerful aquatic tail in water.


Message History

The orc shouts! x2; You hear a shout!
The quokka moves out of view.
The orc hits you with a +0 hand axe.
Found 12 stones.
You hear the brisk rusting of a drain nearby.
The quokka misses you. The orc hits you with a +0 hand axe.
The hound bites you. The quokka closely misses you. The orc barely misses you.
The orc throws a boomerang.
The boomerang hits you but does no damage.
The hound bites you.
A goblin comes into view. It is wielding a +0 club.
You see here 24 arrows.
The quokka bites you but does no damage.
The hound bites you. The quokka barely misses you.
The hound closely misses you.
Found a curved glass wand.
The hound closely misses you. x2
The quokka closely misses you.
There is a stone staircase leading down here.
Terence asks, "Do you want it fast or slow?"
The hound barely misses you. The orc closely misses you.
The quokka barely misses you.
You climb downwards.
The orc shouts! x2
Found a bubbling cyan potion.
There is a stone staircase leading up here.
The orc closely misses you. The hound misses you.
The quokka closely misses you.
You see here a bubbling cyan potion.
You closely miss the orc. The hound bites you. The quokka bites you.
* * * LOW HITPOINT WARNING * * *
The orc barely misses you. The hound barely misses you.
The quokka bites you but does no damage.
You hit the orc.
The orc is lightly wounded.
The hound bites you.
* * * LOW HITPOINT WARNING * * *
The orc hits you but does no damage. The quokka misses you.
The hound bites you.
You die...

#######
#.oh@.#
#..roo#
#..o..#
#....^#
#.....#
###.###
#.# ..#


You could see a hound, 4 orcs and a quokka.

Vanquished Creatures
  An adder (D:2)
  A worm (D:2)
  2 dart slugs
  An orc (D:3)
  3 ball pythons
  7 endoplasms
  2 giant cockroaches
  3 goblins
  5 hobgoblins
  3 jackals (D:1)
  2 quokkas (D:1)
  4 bats
  A frilled lizard (D:2)
  2 kobolds
37 creatures vanquished.

Notes
Turn   | Place    | Note
-------+----------+-------------------------------------------
     0 | D:1      | spiecas the Merfolk Gladiator began the quest for the Orb.
     0 | D:1      | Reached XP level 1. HP: 16/16 MP: 1/1
   100 | D:1      | Reached XP level 2. HP: 13/22 MP: 2/2
  1010 | D:1      | Reached skill level 1 in Short Blades
  1010 | D:1      | Reached XP level 3. HP: 26/28 MP: 3/3
  2390 | D:3      | Reached XP level 4. HP: 34/34 MP: 4/4
  2441 | D:3      | Noticed Terence
  2471 | D:4      | Slain by a hound

Illustrated notes

Levels and vault maps discovered:
D:1:      amcnicky_arrival_blooded_trapdoor, layout_rooms
D:2:      layout_basic
D:3:      layout_basic, portal_sewer_entry_d, uniq_terence
D:4:      layout_loops_cross, minmay_temple_entry_large_hall, minmay_rat_hole,
          uniq_crazy_yiuf_cottage

Skill      XL: |  1  2  3 |
---------------+----------+-----
Short Blades   | 1 2 |  2.8
Fighting       | |  2.4
Polearms       | |  4.6
Throwing       | |  2.0
Armour         | |  0.8
Dodging        | |  4.2
Stealth        | |  0.3

Action                   |  1- 3 |  4- 6 || total
-------------------------+-------+-------++-------
Melee: Trident           |    50 |     8 ||    58
       Short sword       |    80 |       ||    80
       Punch             |     1 |       ||     1
       Staff             |       |     1 ||     1
  Use: Scroll            |     5 |       ||     5
 Stab: Sleeping          |     1 |       ||     1
Armor: Leather armour    |    34 |     7 ||    41
Dodge: Dodged            |    90 |    21 ||   111
